Flames vs Kings

Created - 15 janvier 2021 at 21:07

Goals
1 2 3 T
Flames 0 2 1 3
Kings 1 0 1 2
Shots
1 2 3 T
Flames 8 13 14 35
Kings 16 12 9 37

1st period

1. Kings , Lucas Wallmark 4 (John Moore 13, Corey Perry 6) at 3:32

Penalties :
Pavel Buchnevich (CGY) for Hooking (Minor) at 3:52, Jared Spurgeon (CGY) for Cross-checking (Minor) at 7:20, Tyler Motte (LOS) for Hooking (Minor) at 9:23, Stephen Johns (LOS) for Elbowing (Minor) at 14:54

2nd period

2. Flames , Brady Tkachuk 14 (Max Domi 18) at 8:47 (PP)
3. Flames , Jakub Vrana 9 (Blake Wheeler 24, John Tavares 36) at 12:35

Penalties :
Tyler Motte (LOS) for Hooking (Minor) at 8:29

3rd period

4. Flames , Brady Tkachuk 15 (Ilya Mikheyev 6, Esa Lindell 23) at 6:42
5. Kings , Jonathan Toews 19 (Marc-Edouard Vlasic 15, Rickard Rakell 20) at 13:27

Penalties :
Anthony Bitetto (LOS) for Slashing (Minor) at 8:11, Jonathan Toews (LOS) for High sticking (Minor) at 16:08

Goalie Stats

Jordan Binnington (CGY), 35 saves from 37 shots - (0,946), W, 18-9-5, 60:00 minutes
Frederik Andersen (LOS), 32 saves from 35 shots - (0,914), L, 12-10-4, 59:20 minutes

Players Stats for Flames

Player Name              G  A  P  +/- PIM S  H  SB GA TA FO     MP     PP MP  PK MP  
------------------------------------------------------------------------------------
Alec Martinez            0  0  0  -1  0   1  0  1  0  0  0/0    15:57   0:24   1:55 
Blake Wheeler            0  1  1   1  0   6  4  0  0  0  2/5    19:54   3:48   1:50 
Brady Tkachuk            2  0  2   0  0   6  4  0  0  0  1/2    18:23   4:02   0:00 
Brayden McNabb           0  0  0  -1  0   0  2  2  0  0  0/0    21:11   4:00   1:39 
Charlie Coyle            0  0  0   0  0   2  3  0  0  0  11/25  19:35   3:48   1:38 
Esa Lindell              0  1  1   1  0   1  1  1  0  0  0/0    27:26   3:50   2:19 
Ethan Bear               0  0  0   0  0   2  1  0  0  0  0/0    17:32   2:06   0:00 
Ilya Mikheyev            0  1  1   0  0   2  0  0  0  0  1/1    18:23   4:02   0:00 
Jakub Vrana              1  0  1   0  0   4  1  0  0  0  0/2    19:39   0:24   0:00 
Jared Spurgeon           0  0  0   1  2   2  0  0  0  0  0/0    12:49   2:08   0:54 
John Tavares             0  1  1   1  0   4  0  0  0  0  17/25  18:07   3:48   0:12 
Marc Staal               0  0  0   0  0   2  0  2  0  0  0/0    20:18   4:00   1:09 
Max Domi                 0  1  1   0  0   3  0  0  0  0  16/27  20:31   4:02   2:08 
Ondrej Kase              0  0  0   0  0   0  0  0  0  0  0/0    14:24   0:24   0:00 
Pavel Buchnevich         0  0  0   0  2   0  0  0  0  0  0/1    13:59   0:00   0:00 
Sean Kuraly              0  0  0  -1  0   0  0  0  0  0  2/5     7:55   0:24   2:08 
Taylor Hall              0  0  0  -1  0   0  0  0  0  0  0/0     5:11   0:00   0:00 
Troy Stecher             0  0  0   0  0   0  1  0  0  0  0/0     4:46   0:00   0:00 

Players Stats for Kings

Player Name              G  A  P  +/- PIM S  H  SB GA TA FO     MP     PP MP  PK MP  
------------------------------------------------------------------------------------
Andre Burakovsky         0  0  0   0  0   3  0  0  0  0  0/2    16:54   2:12   0:31 
Anthony Bitetto          0  0  0   0  2   0  3  1  0  0  0/0    13:29   0:00   0:00 
Conor Sheary             0  0  0   1  0   0  0  0  0  0  0/0     1:13   0:00   0:00 
Corey Perry              0  1  1   1  0   0  1  0  0  0  0/0     3:23   0:00   0:00 
Jack Johnson             0  0  0   0  0   0  5  1  0  0  0/0    24:01   2:12   4:38 
Jesper Fast              0  0  0   0  0   6  3  0  0  0  1/1    16:23   2:12   0:00 
John Moore               0  1  1   0  0   1  4  2  0  0  0/0    22:29   1:46   3:36 
Jonathan Toews           1  0  1   0  2   6  3  1  0  0  19/35  25:28   1:46   4:29 
Jordan Eberle            0  0  0   0  0   3  0  0  0  0  1/3    18:38   1:46   1:43 
Lucas Wallmark           1  0  1   1  0   1  0  0  0  0  2/7     4:21   0:00   0:58 
Marc-Edouard Vlasic      0  1  1   0  0   0  0  1  0  0  0/0    24:01   2:12   4:38 
Marco Scandella          0  0  0   0  0   0  2  5  0  0  0/0    22:29   1:46   3:36 
Mikael Backlund          0  0  0   0  0   3  0  0  0  0  8/19   22:23   2:12   6:00 
Nick Paul                0  0  0  -1  0   4  0  0  0  0  12/24  15:13   0:00   1:04 
Rickard Rakell           0  1  1   0  0   2  1  0  0  0  0/1    18:38   1:46   1:43 
Stephen Johns            0  0  0   0  2   1  4  1  0  0  0/0    13:29   0:00   0:00 
Tyler Motte              0  0  0  -1  4   5  2  0  0  0  0/1    14:04   0:00   0:00 
Zemgus Girgensons        0  0  0  -1  0   2  0  0  0  0  0/0    15:05   0:00   0:00 

3 Stars

1 - Brady Tkachuk (CGY)
2 - Jordan Binnington (CGY)
3 - Blake Wheeler (CGY)

Power Play

Flames - 1 on 5 Attempt(s) - 20,00%
Kings - 0 on 2 Attempt(s) - 0,00%

Penalty Kill

Flames - 2 on 2 Attempt(s) - 100,00% - Score 0 goal in Penalty Kill
Kings - 4 on 5 Attempt(s) - 80,00% - Score 0 goal in Penalty Kill

Team Stat

Flames - Hits : 17 - Faceoff Wins : 50 - Blocked Shots : 6 - Penalty Minutes : 4
Kings - Hits : 28 - Faceoff Wins : 43 - Blocked Shots : 12 - Penalty Minutes : 10

Official

Referees : TJ Luxmore and Ryan Hersey
Linesman : Andrew Smith and Julien Fournier

Game Notes

Jared Spurgeon is injured at 17:36 of 2nd period (Strained Right Elbow)

Finance

Level 1 -- Attendance: 6168 (94,89%) -- Ticket Income 585 960 $
Level 2 -- Attendance: 5000 (100,00%) -- Ticket Income 375 000 $
Level 3 -- Attendance: 3266 (93,31%) -- Ticket Income 179 630 $
Level 4 -- Attendance: 2118 (100,00%) -- Ticket Income 84 720 $
Luxury Box -- Attendance: 1000 (100,00%) -- Ticket Income 225 000 $
Game was played at the Staples Center.
Total Attendance: 17552 (96,88%)
Total Ticket Income: 1 450 310 $
Other Income: 710 652 $
Total Income: 2 160 962 $

% Time on Ice - Flames

Lines # - Real PCT - Wanted PCT - Time Play
Normal Forward
1 - 30% - 35% - 14:04
2 - 30% - 30% - 14:21
3 - 29% - 25% - 14:00
4 - 11% - 10% - 5:11
Normal Defense
1 - 37% - 35% - 17:42
2 - 31% - 30% - 14:37
3 - 23% - 25% - 11:11
4 - 9% - 10% - 4:06
PP Forward
1 - 51% - 60% - 4:12
2 - 49% - 40% - 4:02
PP Defense
1 - 51% - 60% - 4:14
2 - 49% - 40% - 4:00
PK Forward
1 - 46% - 50% - 1:50
2 - 54% - 50% - 2:08
PK Defense
1 - 58% - 50% - 2:19
2 - 42% - 50% - 1:39
PK3 Forward
1 - 0% - 60%
2 - 0% - 40%
PK3 Defense
1 - 0% - 50%
2 - 0% - 50%
44 Forward
1 - 0% - 50%
2 - 0% - 50%
44 Defense
1 - 0% - 50%
2 - 0% - 50%
Last Minute Offensive  - 0:00
Last Minute Defensive  - 0:12
Total
Forward - 60:00
Defense - 60:00

% Time on Ice - Kings

Lines # - Real PCT - Wanted PCT - Time Play
Normal Forward
1 - 32% - 40% - 15:09
2 - 30% - 30% - 14:11
3 - 30% - 20% - 14:06
4 - 7% - 10% - 3:23
Normal Defense
1 - 35% - 40% - 16:12
2 - 37% - 30% - 17:07
3 - 29% - 20% - 13:30
4 - 0% - 10% - 0:00
PP Forward
1 - 45% - 60% - 1:46
2 - 55% - 40% - 2:12
PP Defense
1 - 55% - 60% - 2:12
2 - 45% - 40% - 1:46
PK Forward
1 - 79% - 60% - 6:31
2 - 21% - 40% - 1:43
PK Defense
1 - 56% - 60% - 4:38
2 - 44% - 40% - 3:36
PK3 Forward
1 - 0% - 60%
2 - 0% - 40%
PK3 Defense
1 - 0% - 60%
2 - 0% - 40%
44 Forward
1 - 0% - 60%
2 - 0% - 40%
44 Defense
1 - 0% - 60%
2 - 0% - 40%
Last Minute Offensive  - 0:59
Last Minute Defensive  - 0:00
Total
Forward - 60:00
Defense - 60:00

Play-by-Play

1st period


0:01 of 1st period - John Tavares wins face-off versus Jonathan Toews in neutral zone.
0:15 of 1st period - Icing by Rickard Rakell.
0:16 of 1st period - Jonathan Toews wins face-off versus Max Domi in Kings zone.
0:35 of 1st period - Shot by Jordan Eberle.
0:35 of 1st period - Shot Blocked by Brayden McNabb.
0:39 of 1st period - Shot by Jonathan Toews.
0:39 of 1st period - Shot Misses the Net.
0:41 of 1st period - Shot by Jonathan Toews.
0:41 of 1st period - Stopped by Jordan Binnington without a rebound.
0:42 of 1st period - Charlie Coyle wins face-off versus Mikael Backlund in Flames zone.
0:42 of 1st period - Charlie Coyle is hit by Jesper Fast.
0:54 of 1st period - John Moore is hit by Charlie Coyle and loses puck.
1:11 of 1st period - Alec Martinez is hit by Marco Scandella and loses puck.
2:08 of 1st period - Shot by Blake Wheeler.
2:08 of 1st period - Deflect By John Tavares.
2:08 of 1st period - Shot Misses the Net.
2:33 of 1st period - Off-side.
2:34 of 1st period - Max Domi wins face-off versus Jonathan Toews in neutral zone.
3:06 of 1st period - Shot by Jonathan Toews.
3:06 of 1st period - Shot Blocked by Marc Staal.
3:28 of 1st period - Shot by Corey Perry.
3:28 of 1st period - Shot Misses the Net.
3:32 of 1st period - Shot by Lucas Wallmark.
3:32 of 1st period - Goal by Lucas Wallmark - Flames : 0 - Kings : 1.
3:33 of 1st period - Charlie Coyle wins face-off versus Mikael Backlund in neutral zone.
3:42 of 1st period - Shot by Alec Martinez.
3:42 of 1st period - Stopped by Frederik Andersen without a rebound.
3:43 of 1st period - Charlie Coyle wins face-off versus Nick Paul in Kings zone.
3:43 of 1st period - Charlie Coyle is hit by Stephen Johns.
3:52 of 1st period - Minor Penalty to Pavel Buchnevich for Hooking.
3:53 of 1st period - Charlie Coyle wins face-off versus Andre Burakovsky in Flames zone.
3:53 of 1st period - Charlie Coyle is hit by Jesper Fast.
5:06 of 1st period - Sean Kuraly is hit by Rickard Rakell and loses puck.
5:23 of 1st period - Shot by Rickard Rakell.
5:23 of 1st period - Shot Blocked by Alec Martinez.
5:25 of 1st period - Shot by Marco Scandella.
5:25 of 1st period - Shot Misses the Net.
5:27 of 1st period - Shot by Jonathan Toews.
5:27 of 1st period - Shot Misses the Net.
6:03 of 1st period - Shot by Stephen Johns.
6:03 of 1st period - Shot Misses the Net.
6:05 of 1st period - Shot by Tyler Motte.
6:05 of 1st period - Stopped by Jordan Binnington with a rebound.
6:07 of 1st period - Shot by Tyler Motte.
6:07 of 1st period - Shot Misses the Net.
6:09 of 1st period - Shot by Tyler Motte.
6:09 of 1st period - Stopped by Jordan Binnington with a rebound.
6:11 of 1st period - Shot by Zemgus Girgensons.
6:11 of 1st period - Stopped by Jordan Binnington without a rebound.
6:12 of 1st period - Charlie Coyle wins face-off versus Lucas Wallmark in Flames zone.
6:45 of 1st period - Stephen Johns is hit by Charlie Coyle and loses puck.
7:15 of 1st period - Zemgus Girgensons is hit by Jakub Vrana and loses puck.
7:20 of 1st period - Shot by Zemgus Girgensons.
7:20 of 1st period - Stopped by Jordan Binnington without a rebound.
7:20 of 1st period - Minor Penalty to Jared Spurgeon for Cross-checking.
7:21 of 1st period - Max Domi wins face-off versus Mikael Backlund in Flames zone.
7:32 of 1st period - Shot by Andre Burakovsky.
7:32 of 1st period - Stopped by Jordan Binnington without a rebound.
7:33 of 1st period - John Tavares wins face-off versus Mikael Backlund in Flames zone.
7:38 of 1st period - Shot by Mikael Backlund.
7:38 of 1st period - Shot Blocked by Marc Staal.
7:40 of 1st period - Shot by Andre Burakovsky.
7:40 of 1st period - Shot Blocked by Esa Lindell.
7:44 of 1st period - Shot by Mikael Backlund.
7:44 of 1st period - Stopped by Jordan Binnington without a rebound.
7:45 of 1st period - Sean Kuraly wins face-off versus Jordan Eberle in Flames zone.
8:03 of 1st period - Shot by Jordan Eberle.
8:03 of 1st period - Stopped by Jordan Binnington without a rebound.
8:04 of 1st period - Mikael Backlund wins face-off versus Charlie Coyle in Flames zone.
8:34 of 1st period - Shot by Max Domi.
8:34 of 1st period - Stopped by Frederik Andersen without a rebound.
8:35 of 1st period - Charlie Coyle wins face-off versus Jonathan Toews in Kings zone.
8:58 of 1st period - Icing by Marco Scandella.
8:59 of 1st period - Blake Wheeler wins face-off versus Jonathan Toews in Kings zone.
9:16 of 1st period - Shot by Jonathan Toews.
9:16 of 1st period - Stopped by Jordan Binnington without a rebound.
9:17 of 1st period - Charlie Coyle wins face-off versus Mikael Backlund in Flames zone.
9:23 of 1st period - Minor Penalty to Tyler Motte for Hooking.
9:24 of 1st period - Jonathan Toews wins face-off versus John Tavares in Kings zone.
9:48 of 1st period - John Tavares is hit by John Moore and loses puck.
9:51 of 1st period - Shot by Brayden McNabb.
9:51 of 1st period - Shot Misses the Net.
9:53 of 1st period - Shot by Marc Staal.
9:53 of 1st period - Stopped by Frederik Andersen with a rebound.
10:01 of 1st period - Shot by John Tavares.
10:01 of 1st period - Shot Misses the Net.
10:13 of 1st period - Jared Spurgeon is hit by Jonathan Toews and loses puck.
11:16 of 1st period - Off-side.
11:17 of 1st period - Nick Paul wins face-off versus Max Domi in neutral zone.
11:45 of 1st period - Taylor Hall is hit by Anthony Bitetto and loses puck.
12:03 of 1st period - Jakub Vrana is hit by Anthony Bitetto and loses puck.
12:15 of 1st period - Icing by Zemgus Girgensons.
12:16 of 1st period - Max Domi wins face-off versus Nick Paul in Kings zone.
12:17 of 1st period - Shot by Ilya Mikheyev.
12:17 of 1st period - Stopped by Frederik Andersen without a rebound.
12:18 of 1st period - Max Domi wins face-off versus Mikael Backlund in Kings zone.
12:37 of 1st period - Shot by Mikael Backlund.
12:37 of 1st period - Stopped by Jordan Binnington without a rebound.
12:38 of 1st period - Jonathan Toews wins face-off versus Charlie Coyle in Flames zone.
12:47 of 1st period - Shot by Jonathan Toews.
12:47 of 1st period - Shot Misses the Net.
12:49 of 1st period - Shot by Jonathan Toews.
12:49 of 1st period - Shot Misses the Net.
12:55 of 1st period - Shot by Jonathan Toews.
12:55 of 1st period - Stopped by Jordan Binnington without a rebound.
12:56 of 1st period - John Tavares wins face-off versus Mikael Backlund in Flames zone.
13:52 of 1st period - Brady Tkachuk is hit by Jack Johnson and loses puck.
13:59 of 1st period - Shot by Brady Tkachuk.
13:59 of 1st period - Shot Misses the Net.
14:01 of 1st period - Shot by Brady Tkachuk.
14:01 of 1st period - Stopped by Frederik Andersen without a rebound.
14:02 of 1st period - Jonathan Toews wins face-off versus Charlie Coyle in Kings zone.
14:02 of 1st period - Jonathan Toews is hit by Charlie Coyle.
14:17 of 1st period - Ondrej Kase is hit by John Moore and loses puck.
14:28 of 1st period - Shot by Jonathan Toews.
14:28 of 1st period - Stopped by Jordan Binnington with a rebound.
14:30 of 1st period - Shot by John Moore.
14:30 of 1st period - Stopped by Jordan Binnington without a rebound.
14:31 of 1st period - Max Domi wins face-off versus Nick Paul in Flames zone.
14:37 of 1st period - Off-side.
14:38 of 1st period - Nick Paul wins face-off versus John Tavares in neutral zone.
14:47 of 1st period - Shot by Nick Paul.
14:47 of 1st period - Shot Misses the Net.
14:54 of 1st period - Minor Penalty to Stephen Johns for Elbowing.
14:55 of 1st period - Jonathan Toews wins face-off versus Max Domi in Kings zone.
15:01 of 1st period - Icing by Ilya Mikheyev.
15:02 of 1st period - Jonathan Toews wins face-off versus Brady Tkachuk in Flames zone.
15:16 of 1st period - Shot by Jack Johnson.
15:16 of 1st period - Deflect By Jonathan Toews.
15:16 of 1st period - Stopped by Jordan Binnington without a rebound.
15:17 of 1st period - John Tavares wins face-off versus Jonathan Toews in Flames zone.
15:22 of 1st period - Shot by Blake Wheeler.
15:22 of 1st period - Shot Misses the Net.
15:24 of 1st period - Shot by Charlie Coyle.
15:24 of 1st period - Shot Misses the Net.
15:26 of 1st period - Shot by Blake Wheeler.
15:26 of 1st period - Stopped by Frederik Andersen with a rebound.
15:28 of 1st period - Shot by Esa Lindell.
15:28 of 1st period - Shot Blocked by John Moore.
15:30 of 1st period - Shot by Esa Lindell.
15:30 of 1st period - Shot Misses the Net.
15:32 of 1st period - Shot by Jared Spurgeon.
15:32 of 1st period - Shot Blocked by Marco Scandella.
15:34 of 1st period - Shot by John Tavares.
15:34 of 1st period - Shot Misses the Net.
15:36 of 1st period - Shot by Jared Spurgeon.
15:36 of 1st period - Stopped by Frederik Andersen without a rebound.
15:37 of 1st period - Max Domi wins face-off versus Jonathan Toews in Kings zone.
15:48 of 1st period - Shot by Brady Tkachuk.
15:48 of 1st period - Stopped by Frederik Andersen without a rebound.
15:49 of 1st period - John Tavares wins face-off versus Rickard Rakell in Kings zone.
16:21 of 1st period - Icing by Jared Spurgeon.
16:22 of 1st period - Jonathan Toews wins face-off versus John Tavares in Flames zone.
17:14 of 1st period - Alec Martinez is hit by Stephen Johns and loses puck.
17:49 of 1st period - Zemgus Girgensons is hit by Brady Tkachuk and loses puck.
18:18 of 1st period - Marc-Edouard Vlasic is hit by Brady Tkachuk and loses puck.
19:32 of 1st period - Shot by Jesper Fast.
19:32 of 1st period - Stopped by Jordan Binnington without a rebound.
19:33 of 1st period - John Tavares wins face-off versus Lucas Wallmark in Flames zone.
19:43 of 1st period - John Tavares is hit by John Moore and loses puck.
19:58 of 1st period - Alec Martinez is hit by Corey Perry.
Goals for this period are 0 for Flames vs 1 for Kings.
Shots for this period are 8 for Flames vs 16 for Kings.

2nd period


0:01 of 2nd period - Jonathan Toews wins face-off versus John Tavares in neutral zone.
0:34 of 2nd period - Jonathan Toews is hit by Blake Wheeler.
0:41 of 2nd period - Icing by John Tavares.
0:42 of 2nd period - Mikael Backlund wins face-off versus Blake Wheeler in Flames zone.
0:43 of 2nd period - Shot by Andre Burakovsky.
0:43 of 2nd period - Shot Misses the Net.
1:32 of 2nd period - Zemgus Girgensons is hit by Brady Tkachuk and loses puck.
2:08 of 2nd period - Shot by Charlie Coyle.
2:08 of 2nd period - Shot Blocked by Stephen Johns.
3:19 of 2nd period - Icing by Sean Kuraly.
3:20 of 2nd period - Mikael Backlund wins face-off versus Sean Kuraly in Flames zone.
3:54 of 2nd period - Jesper Fast is hit by Brayden McNabb and loses puck.
4:42 of 2nd period - Off-side.
4:43 of 2nd period - Nick Paul wins face-off versus Charlie Coyle in neutral zone.
5:00 of 2nd period - Shot by Charlie Coyle.
5:00 of 2nd period - Stopped by Frederik Andersen without a rebound.
5:01 of 2nd period - Mikael Backlund wins face-off versus Charlie Coyle in Kings zone.
5:48 of 2nd period - Shot by Blake Wheeler.
5:48 of 2nd period - Shot Blocked by John Moore.
5:59 of 2nd period - Icing by Alec Martinez.
6:00 of 2nd period - Jonathan Toews wins face-off versus Jakub Vrana in Flames zone.
6:09 of 2nd period - Shot by Jonathan Toews.
6:09 of 2nd period - Deflect By Jordan Eberle.
6:09 of 2nd period - Shot Misses the Net.
6:21 of 2nd period - Shot by Jordan Eberle.
6:21 of 2nd period - Stopped by Jordan Binnington with a rebound.
6:23 of 2nd period - Shot by Rickard Rakell.
6:23 of 2nd period - Stopped by Jordan Binnington without a rebound.
6:24 of 2nd period - Nick Paul wins face-off versus Max Domi in Flames zone.
6:30 of 2nd period - Off-side.
6:31 of 2nd period - Ilya Mikheyev wins face-off versus Nick Paul in neutral zone.
6:48 of 2nd period - Shot by Zemgus Girgensons.
6:48 of 2nd period - Deflect By Nick Paul.
6:48 of 2nd period - Stopped by Jordan Binnington with a rebound.
6:50 of 2nd period - Shot by Zemgus Girgensons.
6:50 of 2nd period - Shot Misses the Net.
6:52 of 2nd period - Shot by Marc-Edouard Vlasic.
6:52 of 2nd period - Shot Misses the Net.
6:54 of 2nd period - Shot by Zemgus Girgensons.
6:54 of 2nd period - Deflect By Nick Paul.
6:54 of 2nd period - Shot Blocked by Brayden McNabb.
6:56 of 2nd period - Shot by Tyler Motte.
6:56 of 2nd period - Shot Misses the Net.
7:07 of 2nd period - Shot by Tyler Motte.
7:07 of 2nd period - Stopped by Jordan Binnington without a rebound.
7:08 of 2nd period - Jonathan Toews wins face-off versus Charlie Coyle in Flames zone.
7:50 of 2nd period - Icing by Charlie Coyle.
7:51 of 2nd period - Charlie Coyle wins face-off versus Mikael Backlund in Flames zone.
8:08 of 2nd period - Shot by Jesper Fast.
8:08 of 2nd period - Deflect By Andre Burakovsky.
8:08 of 2nd period - Stopped by Jordan Binnington without a rebound.
8:09 of 2nd period - Nick Paul wins face-off versus John Tavares in Flames zone.
8:29 of 2nd period - Minor Penalty to Tyler Motte for Hooking.
8:30 of 2nd period - Max Domi wins face-off versus Jonathan Toews in Kings zone.
8:33 of 2nd period - Shot by Ilya Mikheyev.
8:33 of 2nd period - Shot Misses the Net.
8:47 of 2nd period - Shot by Brady Tkachuk.
8:47 of 2nd period - Goal by Brady Tkachuk - Flames : 1 - Kings : 1.
8:48 of 2nd period - Nick Paul wins face-off versus Jakub Vrana in neutral zone.
9:09 of 2nd period - Shot by John Tavares.
9:09 of 2nd period - Stopped by Frederik Andersen without a rebound.
9:10 of 2nd period - Jonathan Toews wins face-off versus Max Domi in Kings zone.
9:45 of 2nd period - Jack Johnson is hit by Brady Tkachuk and loses puck.
10:17 of 2nd period - Shot by Blake Wheeler.
10:17 of 2nd period - Shot Misses the Net.
10:20 of 2nd period - Icing by Marco Scandella.
10:21 of 2nd period - Mikael Backlund wins face-off versus Charlie Coyle in Kings zone.
10:32 of 2nd period - Shot by Jesper Fast.
10:32 of 2nd period - Stopped by Jordan Binnington without a rebound.
10:33 of 2nd period - Nick Paul wins face-off versus John Tavares in Flames zone.
10:40 of 2nd period - Shot by Jakub Vrana.
10:40 of 2nd period - Stopped by Frederik Andersen without a rebound.
10:41 of 2nd period - Mikael Backlund wins face-off versus John Tavares in Kings zone.
11:08 of 2nd period - Shot by Andre Burakovsky.
11:08 of 2nd period - Shot Misses the Net.
11:10 of 2nd period - Shot by Jesper Fast.
11:10 of 2nd period - Stopped by Jordan Binnington without a rebound.
11:11 of 2nd period - Jonathan Toews wins face-off versus Max Domi in Flames zone.
11:31 of 2nd period - Icing by Jonathan Toews.
11:32 of 2nd period - Jonathan Toews wins face-off versus Charlie Coyle in Kings zone.
11:43 of 2nd period - Shot by Jonathan Toews.
11:43 of 2nd period - Shot Misses the Net.
12:13 of 2nd period - Icing by Jack Johnson.
12:14 of 2nd period - John Tavares wins face-off versus Jonathan Toews in Kings zone.
12:33 of 2nd period - Shot by Blake Wheeler.
12:33 of 2nd period - Shot Blocked by Jack Johnson.
12:35 of 2nd period - Shot by Jakub Vrana.
12:35 of 2nd period - Goal by Jakub Vrana - Flames : 2 - Kings : 1.
12:36 of 2nd period - Max Domi wins face-off versus Mikael Backlund in neutral zone.
12:43 of 2nd period - Shot by Mikael Backlund.
12:43 of 2nd period - Shot Misses the Net.
12:57 of 2nd period - Shot by Jesper Fast.
12:57 of 2nd period - Stopped by Jordan Binnington with a rebound.
12:59 of 2nd period - Shot by Jesper Fast.
12:59 of 2nd period - Deflect By Mikael Backlund.
12:59 of 2nd period - Shot Misses the Net.
13:13 of 2nd period - Shot by Mikael Backlund.
13:13 of 2nd period - Shot Misses the Net.
13:15 of 2nd period - Shot by Jesper Fast.
13:15 of 2nd period - Stopped by Jordan Binnington without a rebound.
13:16 of 2nd period - John Tavares wins face-off versus Nick Paul in Flames zone.
13:16 of 2nd period - John Tavares is hit by Tyler Motte.
13:33 of 2nd period - Jared Spurgeon is hit by Stephen Johns and loses puck.
13:44 of 2nd period - Shot by Nick Paul.
13:44 of 2nd period - Stopped by Jordan Binnington without a rebound.
13:45 of 2nd period - Charlie Coyle wins face-off versus Lucas Wallmark in Flames zone.
13:47 of 2nd period - Icing by Pavel Buchnevich.
13:48 of 2nd period - Jonathan Toews wins face-off versus Charlie Coyle in Flames zone.
15:04 of 2nd period - Shot by John Tavares.
15:04 of 2nd period - Shot Misses the Net.
15:12 of 2nd period - Shot by Jakub Vrana.
15:12 of 2nd period - Deflect By Blake Wheeler.
15:12 of 2nd period - Stopped by Frederik Andersen without a rebound.
15:13 of 2nd period - Nick Paul wins face-off versus Max Domi in Kings zone.
15:44 of 2nd period - Shot by Max Domi.
15:44 of 2nd period - Shot Blocked by Anthony Bitetto.
15:48 of 2nd period - Shot by Brady Tkachuk.
15:48 of 2nd period - Stopped by Frederik Andersen without a rebound.
15:49 of 2nd period - John Tavares wins face-off versus Jonathan Toews in Kings zone.
15:56 of 2nd period - Shot by Jakub Vrana.
15:56 of 2nd period - Shot Misses the Net.
15:58 of 2nd period - Shot by Jared Spurgeon.
15:58 of 2nd period - Stopped by Frederik Andersen with a rebound.
16:02 of 2nd period - Shot by Blake Wheeler.
16:02 of 2nd period - Shot Blocked by Marco Scandella.
16:04 of 2nd period - Shot by Blake Wheeler.
16:04 of 2nd period - Shot Blocked by Jonathan Toews.
16:06 of 2nd period - Shot by Jared Spurgeon.
16:06 of 2nd period - Shot Blocked by Marco Scandella.
16:40 of 2nd period - Shot by Brady Tkachuk.
16:40 of 2nd period - Stopped by Frederik Andersen without a rebound.
16:41 of 2nd period - Mikael Backlund wins face-off versus Charlie Coyle in Kings zone.
17:01 of 2nd period - Icing by Marc Staal.
17:02 of 2nd period - Nick Paul wins face-off versus Charlie Coyle in Flames zone.
17:06 of 2nd period - Tyler Motte is hit by Brayden McNabb.
17:26 of 2nd period - Shot by Tyler Motte.
17:26 of 2nd period - Stopped by Jordan Binnington without a rebound.
17:27 of 2nd period - Max Domi wins face-off versus Mikael Backlund in Flames zone.
17:29 of 2nd period - Ilya Mikheyev is hit by Jesper Fast and loses puck.
17:35 of 2nd period - Jared Spurgeon is hit by Jack Johnson and loses puck.
17:36 of 2nd period - Jared Spurgeon from Flames is injured at 17:36 of 2nd period (Strained Right Elbow).
17:37 of 2nd period - Jonathan Toews wins face-off versus Blake Wheeler in Kings zone.
17:37 of 2nd period - Jonathan Toews is hit by Blake Wheeler.
17:45 of 2nd period - Shot by Blake Wheeler.
17:45 of 2nd period - Shot Misses the Net.
17:47 of 2nd period - Shot by Ethan Bear.
17:47 of 2nd period - Stopped by Frederik Andersen without a rebound.
17:48 of 2nd period - Max Domi wins face-off versus Mikael Backlund in Kings zone.
17:49 of 2nd period - Shot by Brady Tkachuk.
17:49 of 2nd period - Shot Misses the Net.
17:51 of 2nd period - Shot by Ilya Mikheyev.
17:51 of 2nd period - Stopped by Frederik Andersen with a rebound.
17:56 of 2nd period - Max Domi is hit by John Moore and loses puck.
18:43 of 2nd period - Shot by Jakub Vrana.
18:43 of 2nd period - Deflect By Blake Wheeler.
18:43 of 2nd period - Shot Misses the Net.
18:47 of 2nd period - Shot by John Tavares.
18:47 of 2nd period - Shot Misses the Net.
19:07 of 2nd period - Shot by Blake Wheeler.
19:07 of 2nd period - Deflect By Jakub Vrana.
19:07 of 2nd period - Stopped by Frederik Andersen without a rebound.
19:08 of 2nd period - Jordan Eberle wins face-off versus Charlie Coyle in Kings zone.
19:18 of 2nd period - Charlie Coyle is hit by Jack Johnson and loses puck.
19:23 of 2nd period - Shot by Charlie Coyle.
19:23 of 2nd period - Stopped by Frederik Andersen without a rebound.
19:24 of 2nd period - Sean Kuraly wins face-off versus Tyler Motte in Kings zone.
19:55 of 2nd period - Shot by Nick Paul.
19:55 of 2nd period - Shot Misses the Net.
19:57 of 2nd period - Shot by Tyler Motte.
19:57 of 2nd period - Stopped by Jordan Binnington without a rebound.
19:58 of 2nd period - Jonathan Toews wins face-off versus Max Domi in Flames zone.
Goals for this period are 2 for Flames vs 0 for Kings.
Shots for this period are 13 for Flames vs 12 for Kings.

3rd period


0:01 of 3rd period - John Tavares wins face-off versus Jonathan Toews in neutral zone.
0:08 of 3rd period - Shot by John Tavares.
0:08 of 3rd period - Shot Misses the Net.
0:14 of 3rd period - Shot by John Tavares.
0:14 of 3rd period - Shot Misses the Net.
0:20 of 3rd period - Shot by John Tavares.
0:20 of 3rd period - Stopped by Frederik Andersen without a rebound.
0:21 of 3rd period - Max Domi wins face-off versus Andre Burakovsky in Kings zone.
0:22 of 3rd period - Shot by Brady Tkachuk.
0:22 of 3rd period - Shot Misses the Net.
0:33 of 3rd period - Shot by Mikael Backlund.
0:33 of 3rd period - Shot Misses the Net.
1:56 of 3rd period - Shot by Stephen Johns.
1:56 of 3rd period - Stopped by Jordan Binnington with a rebound.
2:06 of 3rd period - Shot by Tyler Motte.
2:06 of 3rd period - Shot Misses the Net.
2:38 of 3rd period - Shot by Andre Burakovsky.
2:38 of 3rd period - Deflect By Mikael Backlund.
2:38 of 3rd period - Stopped by Jordan Binnington without a rebound.
2:39 of 3rd period - Charlie Coyle wins face-off versus Lucas Wallmark in Flames zone.
3:12 of 3rd period - Icing by John Moore.
3:13 of 3rd period - Lucas Wallmark wins face-off versus Max Domi in Kings zone.
4:05 of 3rd period - Troy Stecher is hit by Jack Johnson and loses puck.
5:01 of 3rd period - Shot by Taylor Hall.
5:01 of 3rd period - Shot Misses the Net.
5:03 of 3rd period - Shot by Sean Kuraly.
5:03 of 3rd period - Shot Misses the Net.
5:05 of 3rd period - Shot by Brayden McNabb.
5:05 of 3rd period - Shot Misses the Net.
5:07 of 3rd period - Shot by Marc Staal.
5:07 of 3rd period - Stopped by Frederik Andersen without a rebound.
5:08 of 3rd period - John Tavares wins face-off versus Nick Paul in Kings zone.
5:21 of 3rd period - Shot by Nick Paul.
5:21 of 3rd period - Stopped by Jordan Binnington without a rebound.
5:22 of 3rd period - Jonathan Toews wins face-off versus Sean Kuraly in Flames zone.
5:31 of 3rd period - Shot by Jonathan Toews.
5:31 of 3rd period - Shot Misses the Net.
6:10 of 3rd period - Shot by Nick Paul.
6:10 of 3rd period - Stopped by Jordan Binnington without a rebound.
6:11 of 3rd period - Nick Paul wins face-off versus Max Domi in Flames zone.
6:42 of 3rd period - Shot by Brady Tkachuk.
6:42 of 3rd period - Goal by Brady Tkachuk - Flames : 3 - Kings : 1.
6:43 of 3rd period - Jesper Fast wins face-off versus Pavel Buchnevich in neutral zone.
7:01 of 3rd period - Shot by Pavel Buchnevich.
7:01 of 3rd period - Shot Misses the Net.
7:03 of 3rd period - Shot by Esa Lindell.
7:03 of 3rd period - Stopped by Frederik Andersen with a rebound.
7:39 of 3rd period - Shot by Rickard Rakell.
7:39 of 3rd period - Stopped by Jordan Binnington without a rebound.
7:40 of 3rd period - John Tavares wins face-off versus Nick Paul in Flames zone.
7:42 of 3rd period - Icing by Esa Lindell.
7:43 of 3rd period - John Tavares wins face-off versus Jonathan Toews in Flames zone.
7:59 of 3rd period - Shot by Blake Wheeler.
7:59 of 3rd period - Stopped by Frederik Andersen without a rebound.
8:00 of 3rd period - Max Domi wins face-off versus Nick Paul in Kings zone.
8:00 of 3rd period - Max Domi is hit by Anthony Bitetto.
8:07 of 3rd period - Brady Tkachuk is hit by Stephen Johns and loses puck.
8:11 of 3rd period - Minor Penalty to Anthony Bitetto for Slashing.
8:12 of 3rd period - John Tavares wins face-off versus Jonathan Toews in Kings zone.
8:21 of 3rd period - Shot by Blake Wheeler.
8:21 of 3rd period - Stopped by Frederik Andersen with a rebound.
8:35 of 3rd period - Shot by Blake Wheeler.
8:35 of 3rd period - Stopped by Frederik Andersen without a rebound.
8:36 of 3rd period - Jonathan Toews wins face-off versus Max Domi in Kings zone.
9:26 of 3rd period - Icing by Esa Lindell.
9:27 of 3rd period - Max Domi wins face-off versus Jonathan Toews in Flames zone.
10:12 of 3rd period - Icing by Jack Johnson.
10:13 of 3rd period - John Tavares wins face-off versus Nick Paul in Kings zone.
10:14 of 3rd period - Shot by Blake Wheeler.
10:14 of 3rd period - Stopped by Frederik Andersen without a rebound.
10:15 of 3rd period - Nick Paul wins face-off versus Blake Wheeler in Kings zone.
10:35 of 3rd period - Shot by Tyler Motte.
10:35 of 3rd period - Shot Misses the Net.
11:30 of 3rd period - Shot by Jordan Eberle.
11:30 of 3rd period - Stopped by Jordan Binnington without a rebound.
11:31 of 3rd period - Mikael Backlund wins face-off versus Charlie Coyle in Flames zone.
11:31 of 3rd period - Mikael Backlund is hit by Ethan Bear.
11:42 of 3rd period - Shot by Andre Burakovsky.
11:42 of 3rd period - Stopped by Jordan Binnington with a rebound.
12:38 of 3rd period - Shot by Ilya Mikheyev.
12:38 of 3rd period - Shot Misses the Net.
12:40 of 3rd period - Shot by Brady Tkachuk.
12:40 of 3rd period - Shot Blocked by Marco Scandella.
12:48 of 3rd period - Shot by Ilya Mikheyev.
12:48 of 3rd period - Shot Blocked by Marco Scandella.
12:50 of 3rd period - Shot by Troy Stecher.
12:50 of 3rd period - Shot Misses the Net.
12:52 of 3rd period - Shot by Max Domi.
12:52 of 3rd period - Stopped by Frederik Andersen without a rebound.
12:53 of 3rd period - Jonathan Toews wins face-off versus Sean Kuraly in Kings zone.
13:21 of 3rd period - Shot by Rickard Rakell.
13:21 of 3rd period - Deflect By Jonathan Toews.
13:21 of 3rd period - Shot Misses the Net.
13:23 of 3rd period - Shot by Marc-Edouard Vlasic.
13:23 of 3rd period - Shot Hit the Post.
13:25 of 3rd period - Shot by Marc-Edouard Vlasic.
13:25 of 3rd period - Shot Misses the Net.
13:27 of 3rd period - Shot by Jonathan Toews.
13:27 of 3rd period - Goal by Jonathan Toews - Flames : 3 - Kings : 2.
13:28 of 3rd period - Nick Paul wins face-off versus Charlie Coyle in neutral zone.
14:42 of 3rd period - Mikael Backlund is hit by Esa Lindell.
14:48 of 3rd period - Shot by Jesper Fast.
14:48 of 3rd period - Stopped by Jordan Binnington without a rebound.
14:49 of 3rd period - John Tavares wins face-off versus Jordan Eberle in Flames zone.
14:56 of 3rd period - Shot by John Tavares.
14:56 of 3rd period - Stopped by Frederik Andersen without a rebound.
14:57 of 3rd period - Brady Tkachuk wins face-off versus Jonathan Toews in Kings zone.
15:00 of 3rd period - Shot by Brady Tkachuk.
15:00 of 3rd period - Shot Blocked by Marc-Edouard Vlasic.
15:10 of 3rd period - Icing by Ilya Mikheyev.
15:11 of 3rd period - Max Domi wins face-off versus Nick Paul in Flames zone.
15:11 of 3rd period - Max Domi is hit by Tyler Motte.
15:38 of 3rd period - Brady Tkachuk is hit by Marco Scandella and loses puck.
15:46 of 3rd period - Marco Scandella is hit by Troy Stecher.
16:03 of 3rd period - Brady Tkachuk is hit by Jonathan Toews and loses puck.
16:07 of 3rd period - Esa Lindell is hit by Jonathan Toews and loses puck.
16:08 of 3rd period - Minor Penalty to Jonathan Toews for High sticking.
16:09 of 3rd period - John Tavares wins face-off versus Lucas Wallmark in Kings zone.
16:16 of 3rd period - Shot by John Tavares.
16:16 of 3rd period - Stopped by Frederik Andersen with a rebound.
16:22 of 3rd period - Shot by Charlie Coyle.
16:22 of 3rd period - Shot Misses the Net.
17:16 of 3rd period - Shot by Alec Martinez.
17:16 of 3rd period - Deflect By Jakub Vrana.
17:16 of 3rd period - Stopped by Frederik Andersen without a rebound.
17:17 of 3rd period - Lucas Wallmark wins face-off versus John Tavares in Kings zone.
17:26 of 3rd period - Shot by Ethan Bear.
17:26 of 3rd period - Stopped by Frederik Andersen without a rebound.
17:27 of 3rd period - Max Domi wins face-off versus Nick Paul in Kings zone.
17:32 of 3rd period - Shot by Max Domi.
17:32 of 3rd period - Stopped by Frederik Andersen without a rebound.
17:33 of 3rd period - Max Domi wins face-off versus Nick Paul in Kings zone.
18:19 of 3rd period - Jonathan Toews is hit by Blake Wheeler and loses puck.
18:31 of 3rd period - Jonathan Toews is hit by Blake Wheeler and loses puck.
19:03 of 3rd period - Icing by Brayden McNabb.
19:04 of 3rd period - Charlie Coyle wins face-off versus Jonathan Toews in Flames zone.
19:11 of 3rd period - Kings, Frederik Andersen is pulled from the net.
19:38 of 3rd period - Pavel Buchnevich is hit by Jack Johnson and loses puck.
19:50 of 3rd period - Icing by Zemgus Girgensons.
19:51 of 3rd period - Frederik Andersen from Kings was sent back in the game.
19:51 of 3rd period - Blake Wheeler wins face-off versus Jonathan Toews in Kings zone.
Goals for this period are 1 for Flames vs 1 for Kings.
Shots for this period are 14 for Flames vs 9 for Kings.